 Dungeon Crawl Stone Soup version 0.28.0-45-g0d030f2227 (webtiles) character file.

Game seed: 2867752064508083736

562 nickcage the Chiller (level 6, -5/45 HPs)
             Began as a Demigod Ice Elementalist on Apr 11, 2022.
             Slain by a wyvern skeleton (6 damage)
             ... on level 5 of the Dungeon.
             The game lasted 00:19:30 (6337 turns).

nickcage the Chiller (Demigod Ice Elementalist)     Turns: 6337, Time: 00:19:32

Health: -5/45      AC:  3    Str:  9    XL:     6   Next: 83%
Magic:  5/11       EV: 12    Int: 25    God:
Gold:   109        SH:  0    Dex: 14    Spells: 2/9 levels left

rFire   . . .      SeeInvis .   f - +2 dagger (elec)
rCold   . . .      Faith    .   (no shield)
rNeg    . . .      Spirit   .   a - +0 robe
rPois   .          Reflect  .   (no helmet)
rElec   .          Harm     .   (no cloak)
rCorr   .          Rampage  .   t - +0 pair of gloves
Will    +....                   (no boots)
Stlth   ++........              (no amulet)
HPRegen 0.15/turn               p - ring of willpower
MPRegen 0.12/turn               (no ring)

@: freezing walls
A: high MP 1, forlorn, divine attributes
a: no special abilities


You were on level 5 of the Dungeon.
You visited 1 branch of the dungeon, and saw 5 of its levels.

You collected 277 gold pieces.
You spent 168 gold pieces at shops.

Inventory:

Hand Weapons
 b - a +0 dagger
 f - a +2 dagger of electrocution (weapon)
 q - a +0 morningstar
Armour
 a - a +0 robe (worn)
 t - a +0 pair of gloves (worn)
Magical Staves
 g - a staff of earth
Jewellery
 d - a ring of fire
 p - a ring of willpower (left hand)
Scrolls
 c - a scroll of holy word {unknown}
 i - 3 scrolls of immolation {unknown}
 j - a scroll of enchant weapon {unknown}
 m - a scroll of torment {unknown}
 s - 2 scrolls of blinking
 u - a scroll of identify
Potions
 e - 2 potions of heal wounds
 h - 2 potions of mutation
 k - a potion of might {unknown}
 l - a potion of flight {unknown}
 n - 2 potions of lignification
 o - a potion of degeneration {unknown}
 r - 2 potions of resistance {unknown}
 v - a potion of cancellation {unknown}


   Skills:
 - Level 1.7 Dodging
 - Level 1.7 Stealth
 - Level 2.0 Spellcasting
 + Level 7.8 Ice Magic


You had 2 spell levels left.
You knew the following spells:

 Your Spells              Type           Power      Damage    Failure   Level
a - Freeze                Ice            100%       1d11      1%          1
b - Frozen Ramparts       Ice            82%        1d10      1%          3
c - Ozocubu's Armour      Ice            41%        N/A       1%          3

Your spell library contained the following spells:

 Spells                   Type           Power      Damage    Failure   Level
 Hailstorm                Conj/Ice       22%        3d7       22%         4
 Portal Projectile        Hex/Tloc       4%         N/A       32%         3
 Stone Arrow              Conj/Erth      4%         3d7       32%         3
 Animate Armour           Summ/Erth      4%         N/A       73%         4
 Alistair's Intoxication  Tmut/Pois      1%         N/A       97%         5
 Blade Hands              Tmut           1%         N/A       97%         5
 Borgnjor's Vile Clutch   Necr/Erth      1%         N/A       97%         5
 Excruciating Wounds      Necr           1%         N/A       97%         5
 Eringya's Noxious Bog    Tmut/Pois      1%         N/A       100%        6
 Lehudib's Crystal Spear  Conj/Erth      1%         10d2      100%        8


Dungeon Overview and Level Annotations

Branches:
Dungeon (5/15)
 Temple: D:4-7

Shops:
D:3 *


Innate Abilities, Weirdness & Mutations

You have an increased reservoir of magic. (+10% MP)
You shall have no god before yourself.
Your divine heritage dramatically boosts your attributes as you level up.


Message History

The wyvern skeleton resists.
The wall freezes the wyvern skeleton.
The wyvern skeleton barely misses you.
You hit the wyvern skeleton.
Lightning courses through the wyvern skeleton!
The wyvern skeleton is heavily damaged.
The wyvern skeleton completely resists.
The wall freezes the wyvern skeleton but does no damage.
The wyvern skeleton bites you!
You hit the wyvern skeleton.
The wyvern skeleton is heavily damaged.
The wyvern skeleton completely resists.
The wall freezes the wyvern skeleton but does no damage.
The wyvern skeleton bites you.
You hit the wyvern skeleton.
The wyvern skeleton is severely damaged.
The wyvern skeleton resists.
The wall freezes the wyvern skeleton.
The wyvern skeleton closely misses you.
You hit the wyvern skeleton.
The wyvern skeleton is almost destroyed.
The wyvern skeleton resists.
The wall freezes the wyvern skeleton.
The wyvern skeleton bites you!
The wyvern skeleton resists.
The wall freezes the wyvern skeleton.
The wyvern skeleton bites you.
You are too injured to fight recklessly!
You are too injured to fight recklessly!
You hit the wyvern skeleton but do no damage.
The wyvern skeleton is almost destroyed.
The wyvern skeleton resists.
The wall freezes the wyvern skeleton.
The wyvern skeleton bites you.
You hit the wyvern skeleton.
The wyvern skeleton is almost destroyed.
The wyvern skeleton completely resists.
The wall freezes the wyvern skeleton but does no damage.
The wyvern skeleton bites you!
* * * LOW HITPOINT WARNING * * *
You barely miss the wyvern skeleton.
The wyvern skeleton is almost destroyed.
The wyvern skeleton completely resists.
The wall freezes the wyvern skeleton but does no damage.
The wyvern skeleton bites you.
You die...

## ######### ..
#.......# ..
##.####.# ####.
#.# #.# ##... #.#
#.# .)) #.# #.#
#Z# #.#
#.#######@# #.#
#...).....###.#.
#.#
#........>.......
#.#
##........###.#.#
#.# #........#
#.# #.....=..#
#.# #........#
#.# #........#
#.# #........#


You could see a wyvern skeleton.

Vanquished Creatures
  A scorpion (D:4)
  A centaur skeleton (D:4)
  A bullfrog skeleton (D:5)
  2 hounds
  An iguana (D:4)
  3 orc wizards
  Natasha (D:3)
  A hound skeleton (D:4)
  6 gnolls
  6 adders
  6 worms
  2 dart slugs
  22 orcs
  5 bats
  2 endoplasms
  2 giant cockroaches
  6 goblins
  4 hobgoblins
  3 jackals (D:2)
  3 quokkas
  A ball python (D:3)
  3 frilled lizards
  7 kobolds
  24 rats
113 creatures vanquished.

Notes
Turn   | Place    | Note
-------+----------+-------------------------------------------
     0 | D:1      | nickcage the Demigod Ice Elementalist began the quest for
                  | the Orb.
     0 | D:1      | Reached XP level 1. HP: 14/14 MP: 5/5
   308 | D:1      | Reached skill level 4 in Ice Magic
   611 | D:1      | Reached XP level 2. HP: 20/20 MP: 7/7
  1691 | D:2      | Reached XP level 3. HP: 17/26 MP: 4/8
  1971 | D:2      | Learned a level 3 spell: Frozen Ramparts
  2337 | D:2      | Reached skill level 5 in Ice Magic
  2978 | D:3      | Reached XP level 4. HP: 29/33 MP: 3/9
  2982 | D:3      | Learned a level 3 spell: Ozocubu's Armour
  3467 | D:3      | Found Gatovemu's General Store.
  3529 | D:3      | Bought a scroll of blinking for 105 gold pieces
  3529 | D:3      | Bought a +0 pair of gloves for 63 gold pieces
  3979 | D:3      | Reached XP level 5. HP: 37/38 MP: 7/10
  4124 | D:3      | Noticed Natasha
  4130 | D:3      | Killed Natasha
  4131 | D:3      | Reached skill level 6 in Ice Magic
  4807 | D:4      | Identified the +3 leather armour "Kavest" {rC+ Str-5 Int+6}
  5360 | D:4      | Reached XP level 6. HP: 33/45 MP: 5/11
  5443 | D:4      | Reached skill level 7 in Ice Magic
  6062 | D:5      | Entered Level 5 of the Dungeon
  6336 | D:5      | HP: 1/45 [wyvern skeleton (15)]
  6337 | D:5      | Slain by a wyvern skeleton

Illustrated notes

Levels and vault maps discovered:
D:1:      ncdulo_smallfort, layout_basic, basic_ecumenical_altar
D:2:      layout_loops_corners
D:3:      kennysheep_big_flooded_room, layout_loops_ring, serial_shops,
          nicolae_shop_crystal, grunt_ministairs_7, minmay_rat_hole,
          uniq_natasha
D:4:      layout_loops_ring, st_stairs_9, minivault_19, serial_park_tiny_pond
D:5:      layout_basic, zin_purify, temple_doors_e, grunt_ministairs_14

Skill      XL: |  1  2  3  4  5  6 |
---------------+-------------------+-----
Ice Magic      | 4 5 6 7 |  7.8
Spellcasting   | 2 |  2.0
Dodging        | |  1.7
Stealth        | |  1.7

Action                   |  1- 3 |  4- 6 || total
-------------------------+-------+-------++-------
Melee: Dagger            |    11 |    29 ||    40
       Morningstar       |       |    16 ||    16
 Cast: Freeze            |    64 |    68 ||   132
       Frozen Ramparts   |     2 |    16 ||    18
       Ozocubu's Armour  |       |    11 ||    11
  Use: Scroll            |       |     5 ||     5
 Stab: Sleeping          |     4 |       ||     4
Armor: Robe              |     6 |    20 ||    26
Dodge: Dodged            |    35 |    63 ||    98
